Map: Acropolis LE

Players

Scarlett - Winner!

  • Race: Zerg Zerg
  • Spawn Location: 11:00

GunGFuBanDa

  • Race: Protoss Protoss
  • Spawn Location: 5:00

Event: 2019 WCS Summer

VOD

Have the link to the VOD?

Description

Time

  • Played on: July 12, 2019, 1:35 p.m.
  • Length: 15:47

All games in this series

Show
View Real Time Build Order
Export as new Build Order

Scarlett Zerg - Winner!

Build Orders: 3 Hatch before Pool, Lurkers, Swarm Host 

Get SALT Encoding   

  12  0:00  Drone  
  13  0:13  Overlord  
  13  0:16  Drone  
  14  0:31  Drone x2  
  16  0:36  Drone  
  17  0:51  Hatchery  
  17  0:55  Drone  
  17  1:17  Hatchery  
  16  1:18  Drone  
  16  1:22  Drone  
  16  1:24  Extractor  
  17  1:37  Spawning Pool  
  16  1:40  Drone  
  16  1:44  Drone  
  18  1:47  Drone  
  18  1:52  Drone  
  20  2:04  Drone x2  
  23  2:13  Overlord  
  23  2:18  Drone  
  24  2:23  Queen x2  
  24  2:26  Metabolic Boost  
  28  2:31  Zergling x4  
  29  2:39  Zergling x4  
  31  2:47  Hatchery  
  31  2:49  Zergling x2  
  31  2:52  Zergling x2  
  31  2:56  Overlord  
  31  2:58  Drone  
  33  3:05  Queen  
  33  3:10  Drone  
  36  3:17  Drone  
  37  3:21  Drone  
  37  3:22  Drone  
  39  3:31  Drone x2  
  39  3:33  Zergling x6  
  42  3:40  Drone  
  43  3:41  Overlord  
  43  3:52  Overlord  
  43  3:58  Queen  
  43  3:59  Queen  
  43  4:00  Drone x2  
  43  4:01  Drone  
  50  4:05  Drone x3  
  53  4:10  Drone x4  
  53  4:14  Drone  
  58  4:21  Drone  
  58  4:22  Roach Warren  
  58  4:25  Drone x2  
  58  4:29  Queen  
  62  4:32  Drone x3  
  65  4:39  Overlord  
  65  4:40  Extractor  
  65  4:41  Lair  
  65  4:42  Drone x2, Extractor  
  65  4:49  Overlord  
  65  4:50  Overlord  
  65  4:55  Overlord  
  65  4:59  Drone x3  
  68  5:02  Drone  
  68  5:06  Drone x2  
  71  5:07  Overlord x2  
  68  5:14  Drone x4  
  68  5:20  Drone  
  68  5:21  Drone  
  73  5:22  Overlord  
  75  5:28  Roach x3  
  79  5:40  Roach x3  
  85  5:46  Overseer, Roach x3  
  85  5:47  Glial Reconstitution  
  91  5:52  Roach  
  91  5:53  Roach x6  
  91  5:55  Zergling x2  
  106  6:00  Zergling x2  
  106  6:04  Zergling x2  
  108  6:09  Evolution Chamber  
  108  6:10  Extractor  
  106  6:13  Drone x3  
  109  6:22  Drone x9  
  109  6:25  Extractor  
  117  6:26  Extractor  
  117  6:27  Drone  
  117  6:29  Infestation Pit  
  117  6:31  Overseer  
  116  6:35  Drone x3  
  116  6:38  Zerg Missile Weapons Level 1  
  118  6:40  Overlord  
  118  6:42  Overlord  
  118  6:43  Overlord  
  118  6:44  Drone x2  
  120  6:49  Hatchery  
  120  6:53  Drone x2  
  121  6:54  Overlord  
  121  7:02  Drone x4  
  121  7:03  Drone  
  121  7:07  Overlord x3  
  119  7:13  Drone x3  
  119  7:15  Spore Crawler  
  121  7:16  Overlord x2  
  121  7:23  Swarm Host x7  
  121  7:28  Swarm Host  
  121  7:29  Swarm Host  
  148  7:33  Swarm Host  
  151  7:37  Swarm Host x2  
  151  7:39  Overlord x2  
  151  7:42  Swarm Host  
  160  7:47  Nydus Network  
  160  7:50  Swarm Host  
  161  7:55  Roach  
  161  7:56  Roach x2  
  166  8:08  Spine Crawler, Roach x8  
  181  8:41  Nydus Canal  
  181  8:43  Ravager x7  
  188  8:59  Spine Crawler x2  
  186  9:06  Zerg Missile Weapons Level 2  
  186  9:08  Extractor  
  185  9:10  Extractor  
  185  9:15  Nydus Canal  
  175  9:39  Hatchery, Hive  
  175  9:41  Hydralisk Den  
  173  9:50  Nydus Canal  
  169  10:10  Roach x2  
  169  10:11  Roach x9  
  186  10:15  Nydus Canal  
  185  10:26  Ravager x6  
  189  10:29  Nydus Canal  
  189  10:30  Ravager x9  
  198  10:40  Zergling x2  
  198  10:41  Zergling x2  
  200  10:45  Grooved Spines  
  200  10:46  Lurker Den  
  200  10:49  Baneling Nest  
  198  10:53  Nydus Canal  
  198  11:03  Spine Crawler  
  198  11:04  Spine Crawler  
  196  11:05  Spine Crawler  
  193  11:21  Nydus Canal  
  180  11:44  Nydus Canal  
  180  11:51  Zerg Missile Weapons Level 3  
  167  11:55  Overseer x2  
  167  11:58  Hydralisk  
  167  11:59  Hydralisk x16, Nydus Canal  
  167  12:00  Overseer x2  
  190  12:12  Adaptive Talons  
  190  12:13  Nydus Canal  
  190  12:16  Overseer  
  190  12:19  Extractor  
  189  12:24  Extractor  
  188  12:35  Lurker x6  
  188  12:36  Lurker  
  196  12:37  Drone x3  
  196  12:40  Spine Crawler, Spore Crawler  
  196  12:41  Spine Crawler, Spore Crawler  
  196  12:42  Centrifical Hooks, Spine Crawler, Spore Crawler  
  196  12:43  Spine Crawler  
  190  12:47  Overseer  
  190  12:48  Pneumatized Carapace  
  190  12:53  Drone x9  
  199  13:01  Nydus Canal  
  199  13:12  Muscular Augments  
  199  13:18  Nydus Canal  
  199  13:26  Spire  
  192  13:32  Overlord  
  185  13:36  Nydus Canal  
  185  13:39  Lurker x7  
  185  13:40  Lurker x2  
  194  13:42  Hydralisk x2  
  194  13:47  Drone x2, Spine Crawler  
  196  14:06  Nydus Canal  
  194  14:10  Drone x3, Spine Crawler x2  
  194  14:13  Spine Crawler  
  194  14:14  Spine Crawler x2  
  192  14:20  Evolution Chamber  
  191  14:28  Nydus Canal  
  188  14:42  Hydralisk x7  
  188  14:43  Nydus Canal  
  199  14:57  Overseer  
  196  15:28  Overseer  
  196  15:29  Nydus Canal  
  185  15:44  Nydus Canal  
Show
View Real Time Build Order
Export as new Build Order

GunGFuBanDa Protoss 

Build Orders: Archon Immortal 

Get SALT Encoding   

  12  0:01  Probe  
  13  0:13  Probe  
  14  0:19  Pylon  
  14  0:25  Probe  
  15  0:33  Probe  
  15  0:39  Gateway  
  15  0:41  Probe  
  16  0:49  Assimilator  
  17  0:52  Probe  
  18  1:04  Probe  
  19  1:16  Probe  
  19  1:17  Zealot  
  20  1:27  Cybernetics Core  
  20  1:29  Gateway  
  23  1:34  Pylon  
  22  1:44  Probe  
  23  1:58  Probe  
  24  2:03  Adept  
  24  2:05  Warp Gate  
  26  2:14  Probe  
  27  2:25  Assimilator, Adept  
  27  2:26  Adept  
  31  2:46  Nexus  
  31  2:53  Pylon  
  31  3:03  Robotics Facility  
  31  3:11  Probe  
  32  3:28  Probe  
  35  3:36  Probe  
  36  3:43  Forge  
  36  3:46  Probe  
  36  3:47  Pylon  
  37  3:51  Warp Prism  
  37  3:54  Probe  
  37  3:58  Probe  
  37  3:59  Sentry  
  41  4:03  Probe  
  41  4:04  Adept  
  44  4:11  Probe x2  
  46  4:19  Probe  
  46  4:23  Sentry, Probe  
  50  4:27  Observer  
  50  4:28  Probe  
  51  4:34  Protoss Ground Weapons Level 1  
  51  4:35  Probe  
  51  4:37  Sentry  
  55  4:40  Probe, Assimilator  
  55  4:42  Assimilator  
  56  4:47  Probe  
  56  4:52  Probe  
  58  4:58  Twilight Council  
  58  4:59  Probe, Pylon  
  59  5:04  Probe  
  61  5:14  Probe  
  61  5:16  Probe  
  61  5:18  Immortal  
  62  5:26  Probe, Pylon  
  67  5:35  Nexus  
  67  5:36  Pylon  
  67  5:45  Probe  
  67  5:46  Zealot x2  
  72  5:52  Charge  
  72  5:54  Templar Archives, Immortal  
  72  5:59  Shield Battery  
  72  6:02  Pylon  
  76  6:15  Probe x2  
  78  6:28  Protoss Ground Weapons Level 2  
  78  6:31  Zealot x2  
  82  6:33  Immortal  
  82  6:35  Gateway  
  86  6:42  Probe x2  
  86  6:45  Gateway  
  88  6:52  Probe  
  88  6:53  Stalker x2  
  92  6:54  Probe  
  92  6:56  Probe  
  95  7:06  Probe x2  
  95  7:07  Probe  
  94  7:17  Immortal  
  94  7:22  High Templar x2  
  102  7:23  Probe x2  
  102  7:24  Gateway  
  102  7:25  Probe  
  102  7:26  Gateway  
  105  7:31  Archon  
  105  7:35  Probe x2  
  107  7:37  Probe  
  107  7:38  Assimilator  
  107  7:39  Shield Battery  
  107  7:40  Assimilator, Pylon  
  108  7:47  Pylon  
  108  7:48  Immortal  
  108  7:52  Pylon  
  110  8:07  High Templar x2  
  110  8:08  Probe  
  110  8:10  Probe x2  
  117  8:14  Archon  
  117  8:15  Zealot x2  
  117  8:18  Immortal  
  121  8:26  High Templar x2  
  129  8:30  Archon  
  127  8:35  Shield Battery  
  127  8:40  Photon Cannon  
  125  8:42  Zealot x2, High Templar x2  
  125  8:44  Pylon  
  125  8:46  Pylon  
  125  8:47  Archon  
  125  8:48  Pylon  
  133  8:49  Photon Cannon  
  133  8:50  Gateway, Pylon  
  133  8:53  Warp Prism  
  129  8:55  Stargate  
  129  9:02  Pylon  
  116  9:20  Zealot x3  
  116  9:21  Probe x2  
  116  9:23  Probe  
  119  9:28  Dark Shrine  
  119  9:33  Probe  
  119  9:34  Probe  
  119  9:35  Probe  
  119  9:36  Zealot, High Templar x2  
  128  9:39  Pylon  
  128  9:42  Archon  
  128  9:46  Probe x2  
  125  10:01  Probe, Zealot x4  
  128  10:17  Nexus, Warp Prism  
  128  10:18  Zealot x3  
  128  10:19  Oracle  
  134  10:31  Fleet Beacon  
  134  10:33  Nexus  
  123  10:50  High Templar x4  
  123  10:51  Zealot x3  
  123  10:52  Void Ray  
  123  10:54  Archon x2  
  123  10:56  Pylon  
  137  11:02  Pylon  
  139  11:22  Zealot x3  
  139  11:23  Zealot, Dark Templar  
  139  11:24  Zealot x2  
  136  11:42  Nexus  
  136  11:46  Dark Templar x2  
  127  12:04  Probe x2  
  129  12:16  Nexus  
  129  12:21  Probe  
  129  12:22  Probe, Mothership  
  123  12:33  Probe  
  130  12:53  Warp Prism  
  130  12:54  Probe  
  131  13:07  Dark Templar  
  129  13:15  Zealot x6  
  129  13:19  Immortal  
  140  13:33  Forge  
  142  13:39  Probe x2, Tempest  
  144  13:41  Psionic Storm  
  147  13:56  Probe x2  
  147  13:57  Pylon  
  147  13:58  Warp Prism  
  149  14:08  Probe, High Templar x2  
  149  14:09  Probe, High Templar  
  140  14:17  Zealot x4  
  148  14:24  Immortal  
  142  14:41  High Templar  
  142  14:43  Assimilator  
  142  14:44  Assimilator  
  139  14:52  Nexus  
  139  14:54  Probe x3  
  139  14:56  High Templar  
  139  14:58  Zealot x5  
  147  15:01  Observer  
  147  15:06  Probe x2  
  141  15:16  Probe x3  
  142  15:22  Zealot x4  
  142  15:23  Zealot  
Tags
 
Add a new tag
Caveats
  • Supply blocks, unpowered buildings, or Contaminate may cause inaccurate times.
  • Supply counts are checked every 10 seconds.